 Dungeon Crawl Stone Soup version 0.29.0-4-gdea44cf6ec (webtiles) character file.

Game seed: 5851793182484536349

2 qw the Sneak (level 1, -2/10 HPs)
             Began as a Felid Delver on Aug 27, 2022.
             Slain by an iguana (8 damage)
             ... on level 5 of the Dungeon.
             The game lasted 00:00:00 (93 turns).

qw the Sneak (Felid Delver)                           Turns: 93, Time: 00:00:00

Health: -2/10      AC:  1    Str:  8    XL:     1   Next: 25%
Magic:  2/2        EV: 17    Int: 11    God:
Gold:   10         SH:  0    Dex: 17    Spells: 0/0 levels left
                                        Lives:  0   Deaths: 0

rFire   . . .      SeeInvis +     - Unarmed
rCold   . . .      Faith    .   (shield unavailable)
rNeg    . . .      Spirit   .   (body armour unavailable)
rPois   .          Reflect  .   (helmet unavailable)
rElec   .          Harm     .   (cloak unavailable)
rCorr   .          Rampage  .   (gloves unavailable)
Will    .....                   (boots unavailable)
Stlth   +++.......              (no amulet)
HPRegen 0.03/turn               (no ring)
MPRegen 0.08/turn               (no ring)

@: quick
A: very small, claws 1, fangs 3, see invisible, speed 1, shaggy fur 1, stealthy
paws, no weapons or thrown items, no armour, multi-lived
a: no special abilities


You were on level 5 of the Dungeon.
You visited 1 branch of the dungeon, and saw 1 of its levels.

You collected 10 gold pieces.


Innate Abilities, Weirdness & Mutations

You have sharp claws.
You have razor-sharp teeth.
You have supernaturally acute eyesight. (SInv)
You cover ground quickly. (Speed+)
You are covered in fur. (AC +1)
Your paws help you pounce on unaware monsters.
You are incapable of wielding weapons or throwing items.
You cannot wear armour.
You gain extra lives every three experience levels.


   Skills:
 - Level 3.0 Fighting
 - Level 2.6 Dodging
 - Level 6.6 Stealth
 + Level 2.2 Unarmed Combat


You couldn't memorise any spells.
You didn't know any spells.
Your spell library was empty.

Inventory:

Wands
 e - a wand of digging (3)
Scrolls
 a - a scroll of fog
 b - a scroll of magic mapping
 c - a scroll of fear
 f - a scroll of identify {unknown}
Potions
 d - a potion of haste

Dungeon Overview and Level Annotations

Branches:
Dungeon (5/15)
 Temple: D:4-7

Altars:


Message History

Enter note:
Enter note:
Found an escape hatch in the ceiling.
The orc shouts!
An iguana comes into view.
The orc shouts! x2; The iguana hisses angrily.
You scratch the orc. Your bite misses the orc.
The orc is almost dead.
The orc misses you.
You scratch the orc but do no damage.
The orc is almost dead.
The orc hits you with a +0 hand axe.
81 ||| Stepping ~*~*~tactically~*~*~ (outnumbered).
An orc opens the door.
You scratch the orc but do no damage.
The orc is almost dead.
The orc closely misses you.
83 ||| Stepping ~*~*~tactically~*~*~ (outnumbered).
You barely miss the orc. The orc completely misses you.
You scratch the orc but do no damage. The orc closely misses you.
You scratch the orc but do no damage. The orc hits you with a +0 dagger.
You scratch the orc but do no damage. The orc barely misses you.
You scratch the orc but do no damage. The orc misses you.
You scratch the orc.
The orc is severely wounded.
The orc barely misses you.
You scratch the orc.
You kill the orc!
You barely miss the iguana. Your claw misses the iguana.
The iguana barely misses you.
You scratch the iguana.
The iguana is lightly wounded.
The iguana bites you!
Ouch! That really hurt!
You die...

###########
########.........#
#..............#.#
#..###~..~###..#@#
..#...#~~#...#.#l#######
..#.}.#~~#.}.#.'oo......
..#...#~~#..o#..........
...###~~~~###......|....
.....~~~~~~.....<.......
.....~~~~~~.............
...###~~~~###..#..##+###
..#...#~~#...#.#..#


You could see an iguana and 2 orcs.

Vanquished Creatures
  An orc (D:5)
1 creature vanquished.

Notes
Turn   | Place    | Note
-------+----------+-------------------------------------------
     0 | D:5      | qw the Felid Delver began the quest for the Orb.
     0 | D:5      | Reached XP level 1. HP: 10/10 MP: 2/2
     0 | D:5      | 0 ||| qw: Version: 0.1-a-89-g26bdef1
     0 | D:5      | 0 ||| qw: Game counter: 75
     0 | D:5      | 0 ||| qw: Always use a shield: true
     0 | D:5      | 0 ||| qw: God list: Okawaru, Trog
     0 | D:5      | 0 ||| qw: Allow faded altars: false
     0 | D:5      | 0 ||| qw: Do Orc after D:15 true
     0 | D:5      | 0 ||| qw: Do second Lair branch before Depths: true
     0 | D:5      | 0 ||| qw: Lair rune preference: random
     0 | D:5      | 0 ||| qw: Plans: Normal
     0 | D:5      | 0 ||| PLANNING D:1-11
    78 | D:5      | Noticed an iguana
    81 | D:5      | 81 ||| Stepping ~*~*~tactically~*~*~ (outnumbered).
    83 | D:5      | 83 ||| Stepping ~*~*~tactically~*~*~ (outnumbered).
    93 | D:5      | Slain by an iguana

Levels and vault maps discovered:
D:5:      nicolae_cairo_tiling_very_big, layout_gridville,
          ashenzari_conservatory_becter, led_xom_imps, fountainhead

Action                   || total
-------------------------++-------
Melee: Unarmed           ||    12
Dodge: Dodged            ||     8

Table legend:
 A = Non-vault XP
 B = Vault XP
 C = Vault XP percentage of total XP
 D = Non-vault monster count
 E = Vault monster count
 F = Vault count percentage of total count
                 A         B        C        D         E       F
            +---------+---------+-------+---------+---------+-------
      Total |       3 |       0 |   0.0 |       1 |       0 |   0.0
            +---------+---------+-------+---------+---------+-------
        D:5 |       3 |       0 |   0.0 |       1 |       0 |   0.0
            +---------+---------+-------+---------+---------+-------
